 Dungeon Crawl Stone Soup version 0.28.0-43-g3370ac3207 (webtiles) character file.

Game seed: 447794212614878065

62376 adizb the Swashbuckler (level 15, -4/85 HPs)
             Began as a Kobold Brigand on Mar 4, 2022.
             Was the Champion of Dithmenos.
             Slain by a skeletal warrior
             ... wielding a +0 glaive
             ... led by a skeletal warrior
              (22 damage)
             ... on level 11 of the Dungeon.
             The game lasted 02:46:44 (15676 turns).

adizb the Swashbuckler (Kobold Brigand)            Turns: 15676, Time: 02:46:44

Health: -4/85      AC: 10    Str: 14    XL:     15   Next: 45%
Magic:  16/22      EV: 30    Int: 14    God:    Dithmenos [******]
Gold:   1728       SH:  0    Dex: 27    Spells: 19/24 levels left

rFire   . . .      SeeInvis .   L - +0 short sword (flame)
rCold   . . .      Faith    .   (no shield)
rNeg    . . .      Spirit   .   u - +1 troll leather armour
rPois   .          Reflect  .   Y - +0 hat
rElec   .          Harm     +   x - scarf {harm}
rCorr   .          Rampage  .   H - +1 pair of gloves {infuse}
Will    +....                   q - +2 pair of boots {Stlth+} Stlth ******++++
                                y - amulet of magic regeneration
HPRegen 1.04/turn               t - ring of Behon {EV+4 Dex+4}
MPRegen 0.58/turn               N - +6 ring of strength

@: wreathed by umbra
A: small, no large weapons, nightstalker 3, frail 1
a: Renounce Religion, Shadow Step, Shadow Form


You were on level 11 of the Dungeon.
You worshipped Dithmenos.
Dithmenos was exalted by your worship.
You visited 2 branches of the dungeon, and saw 17 of its levels.
You also visited: Bailey and Gauntlet.

You collected 1855 gold pieces.
You spent 127 gold pieces at shops.

Inventory:

Hand Weapons
 a - a +2 dagger of freezing
 n - a +2 dagger of draining
 L - a +0 short sword of flaming (weapon)
Missiles
 b - 27 poisoned darts
 e - 16 curare-tipped darts
 o - 15 boomerangs (quivered)
 V - 4 datura-tipped darts
 X - 4 atropa-tipped darts
Armour
 d - a +2 robe of willpower
 q - a +2 pair of boots of stealth (worn)
 u - a +1 troll leather armour (worn)
 x - a scarf of harm (worn)
 B - a scarf of resistance
 H - a +1 pair of gloves of infusion (worn)
 I - a +2 robe of cold resistance
 Y - a +0 hat (worn)
Jewellery
 f - a ring of positive energy
 g - a +4 ring of protection
 l - an amulet of regeneration
 s - a ring of protection from cold
 t - the ring of Behon (left hand) {EV+4 Dex+4}
   (You found it on level 4 of the Dungeon)

   [ring of evasion]

   EV:        It affects your evasion (+4).
   Dex:       It affects your dexterity (+4).
 w - a ring of poison resistance
 y - an amulet of magic regeneration (around neck)
 C - a ring of protection from fire
 N - a +6 ring of strength (right hand)
 T - a ring of willpower
Wands
 m - a wand of charming (2)
 z - a wand of acid (4)
 E - a wand of paralysis (5)
 F - a wand of polymorph (5)
 G - a wand of flame (22)
 O - a wand of mindburst (10)
 W - a wand of iceblast (9)
Scrolls
 h - 2 scrolls of holy word
 k - a scroll of summoning
 p - a scroll of brand weapon
 r - a scroll of blinking
 D - a scroll of teleportation
 K - 3 scrolls of silence
 M - 3 scrolls of fear
 S - 2 scrolls of fog
Potions
 c - a potion of might
 i - a potion of resistance
 j - 5 potions of curing
 v - 3 potions of brilliance
 A - a potion of haste
 P - a potion of magic
 R - a potion of ambrosia
 U - a potion of invisibility
Miscellaneous
 J - a phantom mirror
 Q - a box of beasts (inert)
 Z - a phial of floods


   Skills:
 + Level 11.2 Fighting
 + Level 17.9 Short Blades
 * Level 7.8 Throwing
 + Level 12.0 Dodging
 + Level 15.0 Stealth
 - Level 5.0 Spellcasting
 - Level 5.0 Transmutations
 * Level 3.4 Air Magic
 - Level 5.0 Earth Magic
 - Level 6.0 Invocations
 + Level 7.2 Evocations


You had 19 spell levels left.
You knew the following spells:

 Your Spells              Type           Power      Damage    Failure   Level
a - Passwall              Tmut/Erth      14%        N/A       4%          2
b - Swiftness             Air            13%        N/A       16%         3

Your spell library contained the following spells:

 Spells                   Type           Power      Damage    Failure   Level
 Shock                    Conj/Air       32%        1d5       11%         1
 Static Discharge         Conj/Air       8%         N/A       17%         2
 Freeze                   Ice            12%        1d4       22%         1
 Ensorcelled Hibernation  Hex/Ice        6%         N/A       32%         2
 Airstrike                Air            6%         N/A       47%         4
 Frozen Ramparts          Ice            6%         1d2       54%         3
 Ozocubu's Armour         Ice            3%         N/A       54%         3
 Portal Projectile        Hex/Tloc       6%         N/A       54%         3
 Blade Hands              Tmut           8%         N/A       61%         5
 Lee's Rapid Deconstruct  Erth           8%         3d8*      61%         5
 Dispel Undead            Necr           3%         3d7       91%         4
 Fulminant Prism          Conj/Hex       1%         3d6       91%         4
 Hailstorm                Conj/Ice       3%         3d3       91%         4
 Iskenderun's Mystic Bla  Conj/Tloc      3%         2d3       91%         4
 Sticky Flame             Conj/Fire      3%         2d3       91%         4
 Lightning Bolt           Conj/Air       4%         1d15      97%         5
 Excruciating Wounds      Necr           1%         N/A       99%         5
 Summon Forest            Summ/Tloc      1%         N/A       99%         5
 Summon Mana Viper        Hex/Summ       3%         N/A       99%         5
 Summon Cactus Giant      Summ           1%         N/A       100%        6
 Ozocubu's Refrigeration  Ice            1%         4d5       100%        7
 Maxwell's Capacitive Co  Air            6%         ∞         100%        8


Dungeon Overview and Level Annotations

Branches:
Dungeon (11/15)            Temple (0/1) D:6            Lair (6/6) D:10
  Swamp (0/4) Lair:4        Snake (0/4) Lair:4        Slime (0/5) Lair:5
    Orc (0/2) D:11         Bailey (visited)         Gauntlet (visited)

Altars:
Dithmenos
Elyvilon
Gozag
Kikubaaqudgha
Okawaru
Ru
Sif Muna
Uskayaw
Vehumet

Shops:
D:3 [   D:8 *


Innate Abilities, Weirdness & Mutations

You are small and have problems with some larger weapons.
You are completely attuned to the shadows.
You are frail. (-10% HP)


Message History

The skeletal warrior is moderately damaged.
Your shadow hits the skeletal warrior but does no damage.
The skeletal warrior closely misses you.
You hit the skeletal warrior but do no damage.
The skeletal warrior is lightly damaged.
You puncture the skeletal warrior! You burn the skeletal warrior.
The skeletal warrior is heavily damaged.
The skeletal warrior misses you.
You closely miss the skeletal warrior.
The skeletal warrior is heavily damaged.
Your shadow closely misses the skeletal warrior.
You hit the skeletal warrior but do no damage.
The skeletal warrior is heavily damaged.
Your shadow hits the skeletal warrior but does no damage.
The skeletal warrior hits you with a +0 glaive!
You closely miss the skeletal warrior.
The skeletal warrior is heavily damaged.
Your shadow hits the skeletal warrior but does no damage.
You barely miss the skeletal warrior.
The skeletal warrior is heavily damaged.
The skeletal warrior hits you with a +0 glaive!
* * * LOW HITPOINT WARNING * * *
You emit a cloud of dark smoke.
You barely miss the skeletal warrior.
The skeletal warrior is heavily damaged.
You hit the skeletal warrior but do no damage.
The skeletal warrior is heavily damaged.
Your shadow hits the skeletal warrior with a short sword.
The skeletal warrior completely misses you.
You hit the skeletal warrior but do no damage.
The skeletal warrior is heavily damaged.
You puncture the skeletal warrior! You burn the skeletal warrior.
The skeletal warrior is severely damaged.
Your shadow hits the skeletal warrior but does no damage.
The skeletal warrior hits you with a +0 glaive.
* * * LOW HITPOINT WARNING * * *
You puncture the skeletal warrior! You burn the skeletal warrior.
The skeletal warrior is almost destroyed.
The skeletal warrior hits you from afar with a +0 glaive!!
You die...

#.### ######## #.z.#
.......# ###.# .......# #.#
.......# ####'#######
##.....# #.......<..#
##.....# #......)...+
#......# #######§§........#
.......####§.§z§@§§........#
.........§§§.§§§§§§.....####
...###...§§§§§§§§.§.....#
...##....§§##.##.§§.####.+
#..##..$...##.>#....# .#
##.##>.....#####...... #
##..#........ ......#
....#....z.# #
##..#####'##.#


You could see a skeletal warrior.

Vanquished Creatures
  Gastronok (Lair:1)
  A minotaur (Gauntlet)
  Fannar (Lair:3)
  5 hydras
  2 catoblepae
  Erica (D:11)
  A two-headed ogre (D:9)
  2 tengu warriors
  10 death yaks
  2 fire crabs (Lair:6)
  3 lindwurms (Lair:6)
  Pikel (D:5)
  2 orc knights (Bailey)
  A cyclops (D:11)
  2 manticores (Lair:6)
  A worldbinder (Gauntlet)
  10 black mambas
  20 elephants
  2 molten gargoyles (Lair:4)
  Joseph (D:10)
  A torpor snail (Lair:6)
  13 cane toads
  5 komodo dragons (Lair:6)
  2 tengu conjurers
  7 hornets
  A troll (D:8)
  A polar bear (Lair:2)
  A slime creature (Lair:5)
  15 blink frogs
  20 dream sheep
  2 raiju (Gauntlet)
  Sigmund (D:2)
  A vampire (D:10)
  9 wyverns
  36 yaks
  2 wraiths
  5 basilisks
  A steam dragon (D:10)
  Menkaure (D:7)
  5 nagas (Lair:4)
  11 water moccasins
  3 ice beasts
  2 black bears
  3 orc warriors
  4 sky beasts
  11 wolves
  2 boggarts (Gauntlet)
  5 centaurs
  2 ogres
  A phantom (D:4)
  10 kobold brigands
  Blork the orc (D:6)
  8 bullfrogs
  4 scorpions
  A water moccasin skeleton (D:5)
  4 wights (D:8)
  3 killer bees (D:8)
  5 howler monkeys
  3 electric eels
  6 centaur zombies
  5 lava snakes (Lair:4)
  2 hounds
  7 jellies
  2 bullfrog skeletons (D:5)
  Crazy Yiuf (D:7)
  An orc priest (D:5)
  2 gnoll shamans
  A lightning spire (Gauntlet)
  5 orc wizards
  A killer bee zombie (D:8)
  17 gnolls
  2 howler monkey skeletons
  6 adders
  13 white imps
  2 worms (D:3)
  16 orcs
  6 ball pythons
  6 endoplasms
  4 giant cockroaches
  8 goblins
  2 hobgoblins
  4 jackals (D:3)
  34 kobolds
  4 quokkas
  6 bats
  2 frilled lizards
  7 rats
  2 butterflies (Lair:1)
455 creatures vanquished.

Vanquished Creatures (collateral kills)
  An elephant (Lair:6)
  A cane toad (Lair:6)
  2 blink frogs (Lair:6)
4 creatures vanquished.

Vanquished Creatures (others)
  14 demonic plants (Gauntlet)
  25 fungi
  36 plants
75 creatures vanquished.

Grand Total: 534 creatures vanquished

Notes
Turn   | Place    | Note
-------+----------+-------------------------------------------
     0 | D:1      | adizb the Kobold Brigand began the quest for the Orb.
     0 | D:1      | Reached XP level 1. HP: 12/12 MP: 1/1
    39 | D:1      | You fall into a shaft and drop 1 floor!
   150 | D:1      | Reached skill level 3 in Short Blades
   150 | D:1      | Reached XP level 2. HP: 13/18 MP: 2/2
   396 | D:1      | Reached XP level 3. HP: 22/22 MP: 3/3
  1274 | D:2      | Found a faded altar of an unknown god.
  1368 | D:2      | Noticed Sigmund
  1480 | D:2      | Killed Sigmund
  1481 | D:2      | Reached skill level 4 in Short Blades
  1481 | D:2      | Reached XP level 4. HP: 28/28 MP: 4/4
  1481 | D:2      | Reached XP level 5. HP: 32/32 MP: 5/5
  1481 | D:2      | Reached XP level 6. HP: 37/37 MP: 6/6
  1683 | D:3      | Reached skill level 5 in Short Blades
  1695 | D:3      | Found an opulent altar of Gozag.
  2274 | D:3      | Found Agribog's Antique Armour Shoppe.
  2301 | D:3      | Bought a pair of embroidered boots for 127 gold pieces
  2539 | D:4      | Identified the ring of Behon {EV+4 Dex+4}
  2554 | D:4      | Found a shadowy altar of Dithmenos.
  2558 | D:4      | Became a worshipper of Dithmenos the Shadowed
  2784 | D:4      | Reached XP level 7. HP: 41/41 MP: 7/7
  3047 | D:5      | Entered Level 5 of the Dungeon
  3058 | D:5      | Reached skill level 6 in Short Blades
  3116 | D:5      | Found a sacrificial altar of Ru.
  3244 | D:5      | Found a hide-covered altar of Uskayaw.
  3264 | D:5      | Reached XP level 8. HP: 48/48 MP: 8/8
  3331 | D:5      | Reached skill level 7 in Short Blades
  3458 | D:5      | Reached * piety under Dithmenos
  3511 | D:5      | Noticed Pikel
  3547 | D:5      | Killed Pikel
  3548 | D:5      | Reached skill level 5 in Fighting
  3548 | D:5      | Reached skill level 8 in Short Blades
  3548 | D:5      | Reached skill level 5 in Dodging
  3548 | D:5      | Reached XP level 9. HP: 45/54 MP: 9/9
  3761 | D:5      | Reached skill level 9 in Short Blades
  3942 | D:6      | Found a shimmering blue altar of Sif Muna.
  3968 | D:6      | Noticed Blork the orc
  3972 | D:6      | Killed Blork the orc
  4284 | D:6      | Reached skill level 10 in Short Blades
  4507 | D:6      | Found a staircase to the Ecumenical Temple.
  4759 | D:7      | Found a white marble altar of Elyvilon.
  4793 | D:7      | Reached XP level 10. HP: 61/61 MP: 10/10
  4841 | D:7      | Reached ** piety under Dithmenos
  4846 | D:7      | Reached skill level 1 in Invocations
  4893 | D:7      | Noticed Menkaure
  4897 | D:7      | Killed Menkaure
  4898 | D:7      | Reached skill level 11 in Short Blades
  4967 | D:7      | Found a runed translucent door.
  4970 | D:7      | Noticed Crazy Yiuf
  4987 | D:7      | Killed Crazy Yiuf
  5127 | D:7      | Reached skill level 10 in Stealth
  5425 | D:8      | Found an ancient bone altar of Kikubaaqudgha.
  5433 | D:8      | Found an iron altar of Okawaru.
  5474 | D:8      | Found Tostrokh's Elemental Accessories.
  5513 | D:8      | Identified the +10 war axe of Lust {vamp, rF+ Dex+3}
  5937 | D:9      | Reached skill level 12 in Short Blades
  5969 | D:8      | Reached skill level 1 in Spellcasting
  5969 | D:8      | Reached skill level 1 in Transmutations
  6057 | D:9      | Noticed a tengu warrior
  6061 | D:9      | Killed a tengu warrior
  6073 | D:9      | Reached XP level 11. HP: 67/67 MP: 13/13
  6245 | D:9      | Noticed a two-headed ogre
  6249 | D:9      | Killed a two-headed ogre
  6296 | D:9      | Found a radiant altar of Vehumet.
  6374 | D:9      | Reached *** piety under Dithmenos
  6673 | D:10     | Entered Level 10 of the Dungeon
  6673 | D:10     | Noticed Joseph
  6766 | D:10     | Reached skill level 13 in Short Blades
  7296 | D:10     | Found a staircase to the Lair.
  7406 | D:10     | Found a flagged portal.
  7440 | Bailey   | Entered a bailey
  7530 | Bailey   | Reached **** piety under Dithmenos
  7673 | Bailey   | Found an iron altar of Okawaru.
  7676 | Bailey   | Noticed an orc knight
  7753 | Bailey   | Killed an orc knight
  7804 | Bailey   | Noticed an orc knight
  7808 | Bailey   | Killed an orc knight
  8104 | D:10     | Killed Joseph
  8230 | D:11     | Noticed a tengu warrior
  8233 | D:11     | Killed a tengu warrior
  8254 | D:11     | Reached skill level 5 in Invocations
  8254 | D:11     | Reached XP level 12. HP: 75/75 MP: 17/17
  8269 | D:11     | Found a staircase to the Orcish Mines.
  8269 | D:11     | Noticed a skeletal warrior
  8271 | D:11     | Noticed a skeletal warrior
  8374 | Lair:1   | Entered Level 1 of the Lair of Beasts
  8722 | Lair:1   | Noticed Gastronok
  8754 | Lair:1   | Killed Gastronok
  8755 | Lair:1   | Reached skill level 14 in Short Blades
  8908 | Lair:1   | Learned a level 2 spell: Passwall
  9198 | Lair:2   | Reached skill level 1 in Evocations
  9203 | Lair:2   | Reached skill level 1 in Earth Magic
  9691 | Lair:3   | Noticed Fannar
  9695 | Lair:3   | Killed Fannar
  9831 | Lair:3   | Reached XP level 13. HP: 76/80 MP: 20/20
  9942 | Lair:3   | Reached skill level 5 in Transmutations
 10032 | Lair:3   | Reached ***** piety under Dithmenos
 10063 | Lair:3   | Reached skill level 15 in Short Blades
 10089 | Lair:3   | Reached skill level 5 in Spellcasting
 10178 | Lair:3   | Found a gate leading to a gauntlet.
 10184 | Gauntlet | Entered a Gauntlet
 10184 | Gauntlet | Found a transporter.
 10203 | Gauntlet | Found a transporter.
 10211 | Gauntlet | Found a transporter.
 10215 | Gauntlet | Found a large runed translucent door.
 10217 | Gauntlet | Found a transporter.
 10219 | Gauntlet | Found a large runed translucent door.
 10223 | Gauntlet | Found a large runed translucent door.
 10223 | Gauntlet | Found a large runed translucent door.
 10225 | Gauntlet | Found a large runed translucent door.
 10225 | Gauntlet | Found a large runed translucent door.
 10225 | Gauntlet | Found a runed translucent door.
 10227 | Gauntlet | Found a large runed translucent door.
 10228 | Gauntlet | Found a large runed translucent door.
 10229 | Gauntlet | Found a large runed translucent door.
 10229 | Gauntlet | Found a large runed translucent door.
 10282 | Gauntlet | Found a transporter.
 10324 | Gauntlet | Found a transporter.
 10404 | Gauntlet | Found a transporter.
 10411 | Gauntlet | Found a transporter.
 10451 | Gauntlet | Found a transporter.
 10481 | Gauntlet | Paralysed by a hornet for 2 turns
 10489 | Gauntlet | Reached skill level 10 in Dodging
 10493 | Gauntlet | Found a transporter.
 10569 | Gauntlet | Found a transporter.
 10580 | Gauntlet | Found a transporter.
 10601 | Gauntlet | Noticed an entropy weaver
 10626 | Gauntlet | Found a transporter.
 10735 | Gauntlet | Noticed a minotaur
 10772 | Gauntlet | HP: 1/80 [minotaur/javelin (27)]
 10789 | Gauntlet | Killed a minotaur
 11318 | Lair:4   | Gained mutation: You are frail. (-10% HP) [potion of
                  | mutation]
 11572 | Lair:4   | Found a staircase to the Snake Pit.
 11747 | Lair:4   | Reached skill level 16 in Short Blades
 11890 | Lair:4   | Reached skill level 10 in Fighting
 11931 | Lair:4   | Found a staircase to the Swamp.
 12033 | Lair:4   | Reached skill level 5 in Evocations
 12267 | Lair:4   | Reached XP level 14. HP: 58/79 MP: 9/21
 12622 | Lair:5   | Found a staircase to the Slime Pits.
 13031 | Lair:5   | Reached skill level 5 in Earth Magic
 13038 | Lair:5   | Reached ****** piety under Dithmenos
 13075 | Lair:5   | Reached skill level 5 in Throwing
 13142 | Lair:5   | Reached skill level 17 in Short Blades
 13474 | Lair:6   | Entered Level 6 of the Lair of Beasts
 14070 | Lair:6   | Identified the +3 leather armour of Grace {rF+ rC- Int+8
                  | Stlth-}
 14164 | Lair:6   | Reached XP level 15. HP: 83/83 MP: 20/22
 14168 | Lair:6   | Learned a level 3 spell: Swiftness
 14348 | Lair:6   | Reached skill level 1 in Air Magic
 14534 | Lair:6   | HP: 3/84 [death yak (30)]
 15203 | D:11     | Identified the +0 robe "Uluiwar" {Archmagi}
 15335 | D:11     | Identified the +5 war axe of Nysmegebb {vorpal, rElec rF+
                  | Dex+3 Stlth+}
 15336 | D:11     | Noticed Erica
 15340 | D:11     | Killed Erica
 15341 | D:11     | Reached skill level 15 in Stealth
 15676 | D:11     | Slain by a skeletal warrior

Illustrated notes

Levels and vault maps discovered:
D:1:      eino_arrival_cavern_a, layout_basic, item_on_display_a
D:2:      layout_loops_cross, ebering_ecumenical_altar_box, uniq_sigmund
D:3:      layout_loops_ring, grunt_gozag_breadcrumbs, serial_shops,
          nicolae_lakefront_shop, st_stairs_14, minmay_fractal_squares_gapless_5
D:4:      layout_basic, grunt_dithmenos_smoke
D:5:      layout_loops_ring, mainiacjoe_overflow_alcove_2,
          nicolae_uskayaw_dance_hall, hangedman_glass_teeth, uniq_pikel
D:6:      layout_loops_ring, mainiacjoe_overflow_brackets,
          minmay_temple_entry_hall, uniq_blork_the_orc
D:7:      layout_rooms, nicolae_elyvilon_peaceful_grove,
          nicolae_figureground_sparkle, uniq_menkaure, uniq_crazy_yiuf_cottage
D:8:      layout_rooms, grunt_temple_overflow_open, hex_tiny,
          nicolae_elemental_shop
D:9:      layout_rooms, mainiacjoe_overflow_alcove_4, minivault_14
D:10:     layout_roguey, grunt_lair_entry_orc_guard_hut, enter_bailey_7,
          uniq_joseph
D:11:     nicolae_hexawheel, layout_basic, orc_0_dummy,
          portal_ice_cave_entry_imps, minivault_19, uniq_erica
Lair:1:   layout_small_grid, lemuel_fruit_fields, grunt_megastairs_5,
          lemuel_fruit_fields, uniq_gastronok
Lair:2:   layout_loops_ring, infiniplex_staircase_pool_2
Lair:3:   layout_small_grid, gauntlet_entry_generic, disabler_island,
          serial_bayou_shore_b, uniq_fannar
Lair:4:   cheibrodos_magma_flow, layout_hall_layers, swamp_mist_pool,
          minmay_snake_entry_guardpost_medium
Lair:5:   layout_roguey, minmay_slime_entry_pillars, minivault_19
Lair:6:   hangedman_lair_in_review, layout_cave_pods,
          chequers_serial_rivers_room_b, grunt_megastairs_3

Skill      XL: |  1  2  3  4  5  6  7  8  9 10 11 12 13 14 15 |
---------------+----------------------------------------------+-----
Short Blades   | 3 4 5 6 8 10 12 13 14 16 17 | 17.9
Fighting       | 3 4 5 6 7 8 9 10 11 | 11.2
Throwing       | 3 4 6 7 |  7.8
Dodging        | 2 3 4 5 6 7 8 9 10 11 12 | 12.0
Stealth        | 6 7 8 9 10 11 12 13 14 15 | 15.0
Invocations    | 3 5 6 |  6.0
Spellcasting   | 1 3 4 5 |  5.0
Transmutations | 1 3 4 5 |  5.0
Evocations     | 2 5 6 7 |  7.2
Earth Magic    | 2 4 5 |  5.0
Air Magic      | 3 |  3.4

Action                   |  1- 3 |  4- 6 |  7- 9 | 10-12 | 13-15 || total
-------------------------+-------+-------+-------+-------+-------++-------
Melee: Dagger            |    81 |   105 |   221 |   619 |  1136 ||  2162
       Punch             |       |     1 |     4 |    15 |    39 ||    59
       Short sword       |       |       |     6 |   271 |    69 ||   346
Throw: Dart              |     8 |     2 |     4 |    30 |    75 ||   119
       Boomerang         |       |       |       |     1 |    49 ||    50
 Cast: Passwall          |       |       |       |       |     1 ||     1
Evoke: Wand              |       |       |       |     5 |     1 ||     6
       Box of beasts     |       |       |       |       |     1 ||     1
  Use: Scroll            |     2 |     4 |     2 |     9 |    11 ||    28
       Potion            |       |       |       |     5 |     5 ||    10
 Stab: Sleeping          |    14 |    15 |    31 |    65 |    69 ||   194
       Paralysed         |       |       |       |     1 |       ||     1
       Distracted        |       |       |       |     1 |     3 ||     4
Armor: Robe              |    15 |    21 |    38 |    29 |       ||   103
       Troll leather arm |       |       |       |    43 |    82 ||   125
Dodge: Dodged            |    44 |    71 |   201 |   700 |   944 ||  1960
